 Dungeon Crawl Stone Soup version 0.20.1-1-g8b1a95d (webtiles) character file.

3315 dohliylev the Covert (level 9, -15/62 HPs)
             Began as a Vampire Enchanter on July 12, 2017.
             Was a Believer of Nemelex Xobeh.
             Demolished by a white ugly thing (30 damage)
             ... on level 7 of the Dungeon.
             The game lasted 00:38:34 (7335 turns).

dohliylev the Covert (Vampire Enchanter)            Turns: 7335, Time: 00:38:34

Health: -15/62     AC:  7    Str: 12    XL:     9   Next: 71%
Magic:  15/17      EV: 16    Int: 20    God:    Nemelex Xobeh [**....]
Gold:   344        SH:  0    Dex: 15    Spells: 14/19 levels left

rFire    . . .     SeeInvis +   a - +2 dagger (elec)
rCold    . . .     Gourm    .   (no shield)
rNeg     + . .     Faith    .   C - +2 robe
rPois    .         Spirit   .   E - +2 helmet
rElec    .         Reflect  .   (no cloak)
rCorr    .         Harm     .   (no gloves)
MR       .....                  (no boots)
Stlth    +++++.....             y - amulet of regeneration
Regen    0.6/turn               r - +5 ring of strength
MPRegen  0.2/turn               o - +2 ring of evasion

@: no status effects
A: fangs 3, see invisible, unbreathing
a: Bat Form, Renounce Religion


You were on level 7 of the Dungeon.
You worshipped Nemelex Xobeh.
Nemelex Xobeh was pleased with you.
You were not thirsty.

You visited 1 branch of the dungeon, and saw 7 of its levels.
You also visited: Sewer.

You collected 344 gold pieces.

Inventory:

Hand Weapons
 a - a +2 dagger of electrocution (weapon)
 G - a cursed -3 dagger
Armour
 C - a +2 robe (worn)
 D - the +6 scale mail of Vynacuwk {rElec Int+4 Dex+3}
   (You found it on level 5 of the Dungeon)

   It affects your intelligence (+4).
   It affects your dexterity (+3).
   It insulates you from electricity.
 E - a +2 helmet (worn)
Jewellery
 n - an uncursed ring of fire
 o - a +2 ring of evasion (right hand)
 r - a +5 ring of strength (left hand)
 y - an amulet of regeneration (around neck)
Wands
 b - a wand of polymorph (11/24)
 k - a wand of scattershot (5/9)
 m - a wand of paralysis (14/24)
Scrolls
 e - 3 scrolls of teleportation {unknown}
 f - 4 scrolls of remove curse
 h - 4 scrolls of amnesia
 i - 2 scrolls of enchant armour {unknown}
 j - 3 scrolls of identify {unknown}
 s - a scroll of fog {unknown}
 t - a scroll of enchant weapon {unknown}
 u - 3 scrolls of fear {unknown}
 v - a scroll of magic mapping {unknown}
 F - a scroll of random uselessness {unknown}
 H - 2 scrolls of immolation {unknown}
Potions
 d - 25 potions of blood
 g - 3 potions of curing {unknown}
 l - a potion of invisibility {unknown}
 p - a potion of agility
 w - a potion of heal wounds
 x - 3 potions of might {unknown}
 z - 2 potions of resistance {unknown}
 A - 2 potions of cancellation {unknown}
 I - a potion of flight {unknown}
Books
 c - a book of Maledictions

   Spells                             Type                      Level
   a - Corona                         Hexes                        1
   b - Ensorcelled Hibernation        Hexes/Ice                    2
   c - Confuse                        Hexes                        3
   d - Tukima's Dance                 Hexes                        3
   e - Dazzling Spray                 Conjuration/Hexes            3
Miscellaneous
 q - a plain deck of summoning {drawn: 5}
 B - a plain deck of summoning
 J - a plain deck of summoning


   Skills:
 + Level 2.7 Fighting
 + Level 7.0 Short Blades
 * Level 4.2 Dodging
 + Level 10.7 Stealth
 + Level 5.9 Spellcasting
 + Level 8.5 Hexes
 + Level 4.4 Ice Magic


You had 14 spell levels left.
You knew the following spells:

 Your Spells              Type           Power        Failure   Level  Hunger
b - Ensorcelled Hibernat  Hex/Ice        ####..       1%          2    None
c - Confuse               Hex            #####...     1%          3    ##.....


Dungeon Overview and Level Annotations

Branches:
Dungeon (7/15)             Temple (0/1) D:6

Altars:
Ashenzari
Gozag
Kikubaaqudgha
Nemelex Xobeh
Qazlal
Ru
The Shining One
Lugonu


Innate Abilities, Weirdness & Mutations

You have razor-sharp teeth.
You have supernaturally acute eyesight. (SInv)
You can survive without breathing.


Message History

Lightning courses through the green ugly thing!
The helpless wyvern fails to defend itself.
You skewer the wyvern like a kebab!!!
You kill the wyvern!
The wyvern's corpse disappears in a puff of smoke!
The white ugly thing completely misses you.
The small abomination hits your wyvern but does no damage.
Something closely misses dohliylev's illusion.
You draw a card...
It is the Elements.
Your wyvern bites the small abomination!
The small abomination is destroyed!
Dohliylev's illusion hits the small abomination!
The small abomination hits your fire vortex!
The brown ugly thing claws your fire vortex!
Your fire vortex is splashed with acid.
The acid corrodes your fire vortex! The white ugly thing pecks you!
* * * LOW HITPOINT WARNING * * *
The white ugly thing freezes you!!
You die...
Your body disappears without a glow.

.##### .## ##u
#....#.#.... .%.#
#..# ##.x#
#......##... .#.#
#...###...#
#......###.. .#.#
#......)#
##.###### #.# .#
.
####.u$$.#####..#
## #.
.###.@xu.###.©..#
#.
##.)uxu#####.##
## #....vxl######
#...###u@..##
#..# ##..l.# ..##
#.h..# ## ##..##
####


You could see 4 ugly things, 3 small abominations, a friendly raiju, a friendly
basilisk, a friendly fire vortex, a friendly wyvern and the friendly dohliylev's
illusion.

Vanquished Creatures
  Pikel (D:4)
  Grinder (D:6)
  A hippogriff (D:7)
  Sigmund (D:6)
  A water moccasin (D:6)
  An ice beast (D:6)
  A sky beast (D:6)
  An orc warrior (D:6)
  2 phantoms
  3 ogres
  A centaur (D:7)
  A bullfrog (D:7)
  9 killer bees
  A howler monkey (D:5)
  A jelly (D:6)
  A centaur zombie (D:7)
  A hound (D:4)
  3 orc priests
  3 centaur skeletons
  3 orc wizards
  Terence (D:2)
  An iguana (D:6)
  2 worker ants
  4 gnolls (D:5)
  14 adders
  An adder zombie (D:5)
  An adder skeleton (D:6)
  A worm (D:4)
  3 dart slugs
  26 orcs
  7 bats
  8 giant cockroaches
  5 goblins
  3 hobgoblins
  18 jackals
  14 kobolds
  2 quokkas
  4 ball pythons
  10 frilled lizards
  9 rats
  A plant (Sewer)
172 creatures vanquished.

Vanquished Creatures (collateral kills)
  A sky beast (D:5)
  A bullfrog (D:4)
  A small abomination (D:7)
  An orc wizard (D:5)
  A centaur skeleton (D:5)
  2 orcs (D:5)
  A ball python (D:4)
8 creatures vanquished.

Vanquished Creatures (others)
  A centaur zombie (D:4)
  A quokka (D:4)
2 creatures vanquished.

Grand Total: 182 creatures vanquished

Notes
Turn   | Place    | Note
-------+----------+-------------------------------------------
     0 | D:1      | dohliylev the Vampire Enchanter began the quest for the Orb.
     0 | D:1      | Reached XP level 1. HP: 13/13 MP: 3/3
   156 | D:1      | Reached XP level 2. HP: 9/19 MP: 3/5
   160 | D:1      | Learned a level 2 spell: Ensorcelled Hibernation
   690 | D:1      | Reached XP level 3. HP: 21/24 MP: 3/6
   801 | D:2      | Found a stormy altar of Qazlal.
   807 | D:2      | Reached skill level 5 in Stealth
   856 | D:2      | Noticed Terence
   867 | D:2      | Killed Terence
   877 | D:2      | Reached XP level 4. HP: 23/30 MP: 0/7
  1086 | D:2      | Found a shattered altar of Ashenzari.
  1120 | D:2      | Reached skill level 6 in Stealth
  1924 | D:3      | Reached XP level 5. HP: 16/36 MP: 1/8
  2093 | D:3      | Found a sacrificial altar of Ru.
  2309 | D:3      | Reached skill level 7 in Stealth
  2529 | D:3      | Reached skill level 5 in Hexes
  2638 | D:3      | Found a faded altar of an unknown god.
  2657 | D:3      | Found a sparkling altar of Nemelex Xobeh.
  2671 | D:3      | Became a worshipper of Nemelex Xobeh the Trickster
  2985 | D:4      | Received a gift from Nemelex Xobeh
  3001 | D:4      | Reached XP level 6. HP: 17/42 MP: 1/10
  3022 | D:4      | Noticed a slave
  3022 | D:4      | Noticed a slave
  3025 | D:4      | Noticed a slave
  3030 | D:4      | Noticed Pikel
  3080 | D:4      | Noticed a slave
  3183 | D:4      | Found a glowing drain.
  3193 | D:4      | Reached skill level 1 in Ice Magic
  3220 | Sewer    | Entered a sewer
  4011 | D:4      | Reached * piety under Nemelex Xobeh
  4626 | D:4      | Killed Pikel
  4626 | D:4      | Reached skill level 1 in Fighting
  4626 | D:4      | Reached skill level 9 in Stealth
  4626 | D:4      | Reached XP level 7. HP: 37/48 MP: 4/12
  4883 | D:4      | Learned a level 3 spell: Confuse
  4918 | D:5      | Entered Level 5 of the Dungeon
  5062 | D:5      | Received a gift from Nemelex Xobeh
  5104 | D:5      | Reached skill level 10 in Stealth
  5105 | D:5      | Reached XP level 8. HP: 54/54 MP: 13/13
  5145 | D:5      | Got an encrusted scale mail
  5715 | D:5      | Reached ** piety under Nemelex Xobeh
  5975 | D:6      | Reached skill level 5 in Short Blades
  6045 | D:6      | Found an opulent altar of Gozag.
  6047 | D:6      | Found a glowing golden altar of the Shining One.
  6049 | D:6      | Found an ancient bone altar of Kikubaaqudgha.
  6233 | D:6      | Noticed Sigmund
  6261 | D:6      | Killed Sigmund
  6261 | D:6      | Reached skill level 5 in Spellcasting
  6261 | D:6      | Reached XP level 9. HP: 62/62 MP: 3/16
  6277 | D:6      | Identified the +6 scale mail of Vynacuwk {rElec Int+4 Dex+3} (You found it on level 5 of the Dungeon)
  6491 | D:6      | Found a staircase to the Ecumenical Temple.
  6511 | D:6      | Noticed Grinder
  6524 | D:6      | Killed Grinder
  7282 | D:7      | Received a gift from Nemelex Xobeh
  7305 | D:7      | Found a transporter.
  7318 | D:7      | Found a corrupted altar of Lugonu.
  7321 | D:7      | Noticed a green ugly thing
  7322 | D:7      | Noticed a white ugly thing
  7323 | D:7      | Noticed a red ugly thing
  7323 | D:7      | Noticed a green ugly thing
  7327 | D:7      | Noticed a brown ugly thing
  7335 | D:7      | Demolished by a white ugly thing

Skill      XL: |  1  2  3  4  5  6  7  8  9 |
---------------+----------------------------+-----
Stealth        | 5 6 7 9 10 | 10.7
Short Blades   | 2 3 4 6 7 |  7.0
Hexes          | 5 6 7 8 |  8.5
Spellcasting   | 3 5 |  5.9
Ice Magic      | 2 3 4 |  4.4
Fighting       | 1 2 |  2.7
Dodging        | 3 4 |  4.2

Action                   |  1- 3 |  4- 6 |  7- 9 || total
-------------------------+-------+-------+-------++-------
Melee: Dagger            |    69 |   350 |   198 ||   617
       Bite              |     5 |    34 |    18 ||    57
       Unarmed           |       |     6 |       ||     6
 Cast: Corona            |    11 |     2 |       ||    13
       Ensorcelled Hiber |    11 |    70 |    58 ||   139
       Confuse           |       |       |     6 ||     6
 Abil: End Transformatio |       |     7 |     1 ||     8
       Bat Form          |       |     7 |     1 ||     8
Evoke: Deck              |       |     1 |     4 ||     5
  Use: Potion            |       |     5 |     4 ||     9
       Scroll            |       |       |     2 ||     2
 Stab: Sleeping          |    19 |    48 |    41 ||   108
       Confused          |       |       |     8 ||     8
  Eat: Corpse            |     1 |    12 |     2 ||    15
Armor: Robe              |    11 |    34 |    18 ||    63
Dodge: Dodged            |    38 |   152 |   126 ||   316
